 Dungeon Crawl Stone Soup version 0.17.0-56-gd8de76c (webtiles) character file.

1232 Peloso the Shield-Bearer (level 8, -2/69 HPs)
             Began as a Minotaur Fighter on Dec 6, 2015.
             Slain by Erolcha
             ... wielding a cursed -1 giant club
              (22 damage)
             ... on level 8 of the Dungeon.
             The game lasted 00:12:21 (4128 turns).

Peloso the Shield-Bearer (Minotaur Fighter)         Turns: 4128, Time: 00:12:22

Health: -2/69      AC: 12    Str: 26    XL:     8   Next: 24%
Magic:  7/7        EV: 13    Int:  5    God:
Gold:   355        SH: 11    Dex: 12    Spells: 0 memorised, 7 levels left

rFire  . . .     SeeInvis .     a - +0 long sword
rCold  . . .     Clarity  .     s - +0 chain mail
rNeg   . . .     SustAt   .     c - +0 shield
rPois  .         Gourm    .     (helmet restricted)
rElec  .         Spirit   .     (no cloak)
rCorr  .         Warding  .     (no gloves)
rMut   .         Stasis   .     n - +1 pair of boots
MR     .....                    (no amulet)
Stlth  ..........               (no ring)
                                j - +5 ring of evasion

@: mighty, lethally poisoned (-2 -> -6), not resistant to hostile enchantments,
extremely unstealthy
A: retaliatory headbutt, horns 2
a: no special abilities


You were on level 8 of the Dungeon.
You were hungry.

You visited 2 branches of the dungeon, and saw 8 of its levels.

You collected 355 gold pieces.

Inventory:

Hand Weapons
 a - a +0 long sword (weapon)
 u - a cursed -2 short sword
Armour
 b - a +0 scale mail
 c - a +0 shield (worn)
 n - a +1 pair of boots (worn)
 s - a +0 chain mail (worn)
Jewellery
 j - a +5 ring of evasion (left hand)
Wands
 t - a wand of fire (14)
 v - a wand of enslavement (14)
Scrolls
 k - a scroll of remove curse
 m - 3 scrolls of identify
 o - 2 scrolls of teleportation
 r - a scroll of fear
 w - a scroll of blinking
 y - a scroll of fog
Potions
 d - a potion of might
 f - 3 potions of curing
 g - 2 potions of flight {unknown}
 h - a potion of resistance {unknown}
 i - a potion of cancellation {unknown}
 p - a potion of haste {unknown}
 q - a potion of poison {unknown}
 x - a potion of berserk rage {unknown}
 z - a potion of heal wounds {unknown}
 D - a potion of ambrosia {unknown}
Books
 B - a book of Alchemy

   Spells                             Type                      Level
   a - Sublimation of Blood           Necromancy                   2
   b - Ignite Poison                  Fire/Transmutation/Poison    3
   c - Alistair's Intoxication        Transmutation/Poison         4
   d - Condensation Shield            Ice                          4
   e - Petrify                        Transmutation/Earth          4
   f - Irradiate                      Conjuration/Transmutation    5
Comestibles
 e - 13 bread rations
 l - 2 meat rations
 A - 2 beef jerkies
 C - 8 slices of pizza


   Skills:
 + Level 5.6 Fighting
 + Level 5.5 Long Blades
 + Level 6.7 Armour
 + Level 3.7 Dodging
 + Level 0.8 Stealth
 + Level 7.4 Shields


You had 7 spell levels left.
You didn't know any spells.

Dungeon Overview and Level Annotations

Branches:
Dungeon (8/15)             Temple (1/1) D:5
   Lair: D:8-11

Altars:
Ashenzari
Cheibriados
Elyvilon
Gozag
Kikubaaqudgha
Makhleb
Nemelex Xobeh
Ru
Trog
Vehumet
Xom
Yredelemnul
Zin
The Shining One

Annotations:
D:8 Erolcha


Innate Abilities, Weirdness & Mutations

You reflexively headbutt those who attack you in melee.
You have a pair of horns on your head.


Message History

Erolcha casts a spell at you. The bolt of poison hits you!
You are poisoned.
You slash Erolcha!
Erolcha is lightly wounded.
You feel sick. Erolcha barely misses you.
You slash Erolcha!
Erolcha is moderately wounded.
You feel sick. Erolcha hits you but does no damage.
Drink which item? (? for menu, Esc to quit)
You feel very mighty all of a sudden.
You feel sick.
You barely miss Erolcha.
Erolcha is moderately wounded.
You feel sick. Erolcha hits you with a giant club!
Unknown command.
You hit Erolcha. You headbutt Erolcha!
Erolcha is severely wounded.
You feel sick. Erolcha hits you with a giant club!!
You die...

##+## #.#
#.## #..#
##.# #.# #.#
.#### #.#
......#####.#
#....O@....#
####.#######
#


You could see Erolcha.

Vanquished Creatures
  A two-headed ogre (D:8)
  A yak (D:8)
  A hog (D:8)
  A human (D:8)
  A centaur (D:5)
  A scorpion (D:4)
  A crimson imp (D:5)
  A hound (D:5)
  A centaur skeleton (D:6)
  2 orc wizards (D:4)
  An iguana (D:5)
  4 worker ants
  2 sheep (D:8)
  5 adders
  4 gnolls (D:5)
  A shadow imp (D:5)
  An ooze (D:1)
  An adder zombie (D:4)
  An adder skeleton (D:5)
  2 worms (D:2)
  8 orcs
  2 bats
  2 giant cockroaches
  4 hobgoblins
  5 jackals
  3 kobolds
  2 quokkas
  6 ball pythons
  A giant cockroach zombie (D:6)
  6 giant geckos
  10 giant newts
  5 goblins
  8 rats
95 creatures vanquished.

Notes
Turn   | Place    | Note
--------------------------------------------------------------
     0 | D:1      | Peloso the Minotaur Fighter began the quest for the Orb.
     0 | D:1      | Reached XP level 1. HP: 19/19 MP: 0/0
   132 | D:1      | Reached XP level 2. HP: 20/27 MP: 1/1
   590 | D:1      | Reached skill level 4 in Fighting
   720 | D:2      | Reached XP level 3. HP: 33/33 MP: 2/2
   732 | D:2      | Found an opulent altar of Gozag.
  1336 | D:2      | Found a glowing silver altar of Zin.
  1336 | D:2      | Found a glowing golden altar of the Shining One.
  1485 | D:3      | Reached XP level 4. HP: 29/40 MP: 3/3
  1514 | D:3      | Found a sparkling altar of Nemelex Xobeh.
  1902 | D:3      | Found a faded altar to an unknown god.
  1961 | D:3      | Found a sparkling altar of Nemelex Xobeh.
  2259 | D:4      | Reached skill level 1 in Dodging
  2269 | D:4      | Reached skill level 5 in Armour
  2269 | D:4      | Reached skill level 5 in Shields
  2269 | D:4      | Reached XP level 5. HP: 31/46 MP: 4/4
  2497 | D:4      | Found a snail-covered altar of Cheibriados.
  2514 | D:4      | Found a sacrificial altar of Ru.
  2516 | D:4      | Found a radiant altar of Vehumet.
  2619 | D:4      | Reached XP level 6. HP: 53/53 MP: 5/5
  2717 | D:4      | Found a shimmering altar of Xom.
  3020 | D:5      | Entered Level 5 of the Dungeon
  3452 | D:5      | Reached skill level 6 in Shields
  3459 | D:5      | Found a sacrificial altar of Ru.
  3556 | D:5      | Found a staircase to the Ecumenical Temple.
  3566 | Temple   | Entered the Ecumenical Temple
  3731 | D:5      | Reached XP level 7. HP: 56/60 MP: 6/6
  3853 | D:6      | You fall through a shaft for 2 floors!
  3876 | D:8      | Noticed a two-headed ogre
  3885 | D:8      | Killed a two-headed ogre
  4039 | D:8      | Noticed a human
  4039 | D:8      | Noticed a hog
  4039 | D:8      | Noticed a yak
  4047 | D:8      | Killed a hog
  4047 | D:8      | Reached skill level 5 in Fighting
  4047 | D:8      | Reached skill level 5 in Long Blades
  4047 | D:8      | Reached skill level 7 in Shields
  4060 | D:8      | Killed a human
  4060 | D:8      | Reached XP level 8. HP: 51/68 MP: 7/7
  4070 | D:8      | Killed a yak
  4119 | D:8      | Noticed Erolcha
  4128 | D:8      | Slain by Erolcha

Action                   |  1- 3 |  4- 6 |  7- 9 || total
-------------------------+-------+-------+-------++-------
Melee: Long sword        |    73 |   116 |    56 ||   245
  Use: Scroll            |     4 |     6 |       ||    10
       Potion            |       |       |     1 ||     1
  Eat: Chunk             |     2 |     7 |     1 ||    10
